 Dungeon Crawl Stone Soup version 0.24.0-13-gcf9b319 (webtiles) character file.

Game seed: 14326161471463860446, levelgen mode: deterministic

39 Birdy the Ducker (level 3, 0/37 HPs)
             Began as a Halfling Monk on Dec 24, 2019.
             Succumbed to an adder's poison
             ... on level 2 of the Dungeon.
             The game lasted 00:02:39 (1052 turns).

Birdy the Ducker (Halfling Monk)                    Turns: 1052, Time: 00:02:40

Health: 0/37       AC: 21    Str: 12    XL:     3   Next: 70%
Magic:  3/3        EV:  3    Int:  8    God:
Gold:   99         SH:  0    Dex: 22    Spells: 2/2 levels left

rFire    . . .     SeeInvis .   a - +0 falchion
rCold    . . .     Gourm    .   (shield restricted)
rNeg     + + +     Faith    .   (armour currently unavailable)
rPois    +         Spirit   .   (helmet currently unavailable)
rElec    .         Reflect  .   (cloak currently unavailable)
rCorr    .         Harm     .   (gloves currently unavailable)
MR       .....     NoTele   +   (boots currently unavailable)
Stlth    ++++......             (no amulet)
HPRegen  0.12/turn              (no ring)
MPRegen  0.08/turn              (no ring)

@: agile, lethally poisoned (0 -> -7), tree-form, hasted, very quick
A: small, mutation resistance 1
a: no special abilities


You were on level 2 of the Dungeon.
You were hungry.
You were a tree.
You visited 1 branch of the dungeon, and saw 2 of its levels.

You collected 99 gold pieces.

Inventory:

Hand Weapons
 a - a +0 falchion (weapon)
Armour
 b - a +0 robe (melded)
 g - a +0 buckler
Jewellery
 j - a +4 ring of dexterity {unknown}
 o - an uncursed ring of poison resistance {unknown}
Scrolls
 e - a scroll of remove curse {unknown}
 f - a scroll of blinking {unknown}
 h - a scroll of enchant armour {unknown}
 k - 2 scrolls of enchant weapon {unknown}
 m - 2 scrolls of identify {unknown}
Comestibles
 c - 5 rations


   Skills:
 - Level 2.8 Fighting
 + Level 3.3 Long Blades
 * Level 1.6 Armour
 - Level 3.4 Dodging
 + Level 2.5 Stealth
 * Level 1.2 Shields


You had 2 spell levels left.
You didn't know any spells.
Your spell library was empty.

Dungeon Overview and Level Annotations

Branches:
Dungeon (2/15)

Altars:


Innate Abilities, Weirdness & Mutations

You are small and have problems with some larger weapons.
You are somewhat resistant to further mutation.


Message History

* * * LOW HITPOINT WARNING * * *
You are poisoned.
The adder poisons you!
You miss the adder.
The adder is almost dead.
* * * LOW HITPOINT WARNING * * *
You feel sick. The adder bites you.
* * * LOW HITPOINT WARNING * * *
You are more poisoned.
The adder poisons you!
It was a potion of agility.
You feel agile all of a sudden.
* * * LOW HITPOINT WARNING * * *
You feel sick. The adder bites you.
* * * LOW HITPOINT WARNING * * *
The adder completely misses you.
It was a potion of haste.
You feel yourself speed up. The adder misses you.
It was a potion of lignification.
You turn into a tree.
Your +0 robe melds into your body.
Your roots penetrate the ground.
You die...

#................#
#.# ##
#...........######
#.#
#................#
#########.#......#
#.#......#
#.##.#####
.###.##.##
.........#
.......♣.#
......S..#
...^.(....#
..[.(.....+
...(....#.#
...(....#..
.(......##.#
(.((....# ..


You could see an adder.

Vanquished Creatures
  An adder (D:2)
  A worm (D:2)
  A dart slug (D:1)
  A leopard gecko (D:1)
  2 bats (D:1)
  2 giant cockroaches (D:1)
  2 goblins (D:1)
  2 hobgoblins
  A ball python (D:1)
  A frilled lizard (D:2)
  7 kobolds
  3 rats
24 creatures vanquished.

Notes
Turn   | Place    | Note
-------+----------+-------------------------------------------
     0 | D:1      | Birdy the Halfling Monk began the quest for the Orb.
     0 | D:1      | Reached XP level 1. HP: 15/15 MP: 1/1
    36 | D:1      | Reached XP level 2. HP: 20/20 MP: 2/2
   230 | D:1      | Reached skill level 1 in Armour
   650 | D:1      | Reached XP level 3. HP: 25/25 MP: 3/3
   855 | D:2      | Reached skill level 1 in Shields
  1050 | D:2      | HP: 1/25 [adder (2)]
  1052 | D:2      | Succumbed to an adder's poison

Levels and vault maps discovered:
D:1:      ncdulo_wetmaze, layout_basic
D:2:      layout_basic

Skill      XL: |  1  2  3 |
---------------+----------+-----
Armour         | 1 |  1.6
Shields        | 1 |  1.2
Fighting       | |  2.8
Long Blades    | |  3.3
Dodging        | |  3.4
Stealth        | |  2.5

Action                   || total
-------------------------++-------
Melee: Falchion          ||    72
Throw: Dart              ||    37
  Use: Potion            ||     3
Armor: Robe              ||     7
Dodge: Dodged            ||    73
       Rpst.: Falchion   ||    23
